[Event "EYCC 2017"]
[Site "Mamaia"]
[Date "2017.09.05"]
[Round "1"]
[White "Mikheeva, Galina"]
[Black "Haile, Batel Goitom"]
[Result "0-1"]
[ECO "B90"]
[WhiteElo "1596"]
[BlackElo "1270"]
[Annotator "NA RC"]
[PlyCount "100"]
[EventDate "2017.??.??"]
[EventType "swiss"]
[EventCountry "ROU"]
[SourceTitle "playchess.com"]
[Source "ChessBase"]
[SourceQuality "1"]
[TimeControl "40/5400+30:1800+30"]

1. e4 c5 2. Nf3 d6 3. d4 cxd4 4. Nxd4 Nf6 5. Nc3 a6 6. Nb3 e5 7. Bg5 Nbd7 8. Nd5 Rb8 9. Qd3 h6 10. Bxf6 Nxf6 11. Nxf6+ Qxf6 12. O-O-O Qxf2 13. Rd2 Qb6 14. g3 Be7 15. Kb1 Be6 16. h4 Rc8 17. Bh3 O-O 18. Qf3 a5 19. Rdd1 a4 20. Nd2 Bxa2+ 21. Kc1 Be6 22. Bxe6 fxe6 23. Qa3 Qc6 24. Qd3 d5 25. exd5 exd5 26. Nb1 Rf2 27. c3 a3 28. bxa3 Bxa3+ 29. Nxa3 Qxc3+ 30. Qxc3 Rxc3+ 31. Kb1 Rb3+ 32. Ka1 Rxa3+ 33. Kb1 d4 34. Rhe1 Ra5 35. Rd3 Rc5 36. Rb3 b5 37. Rc1 Rd5 38. Ra3 d3 39. Rd1 d2 40. Kc2 e4 41. Re3 Rc5+ 42. Kb2 Rc4 43. Rb3 b4 44. Re3 h5 45. Rb3 Re2 46. Ka2 Rc1 47. Rb1 Rxd1 48. Rxd1 e3 49. Kb2 Re1 50. Kc2 b3+ 0-1

[Event "EYCC 2017"]
[Site "Mamaia"]
[Date "2017.09.05"]
[Round "1"]
[White "Verma, Shlok"]
[Black "Santimbrean, Mihnea-Nicolae"]
[Result "0-1"]
[ECO "C10"]
[WhiteElo "1596"]
[BlackElo "1110"]
[Annotator "NA RC"]
[PlyCount "46"]
[EventDate "2017.??.??"]
[EventType "swiss"]
[EventCountry "ROU"]
[SourceTitle "playchess.com"]
[Source "ChessBase"]
[SourceQuality "1"]
[TimeControl "40/5400+30:1800+30"]

1. e4 e6 2. d4 d5 3. Nc3 dxe4 4. Nxe4 Bd7 5. Nf3 Bc6 6. Bd3 Nd7 7. c3 Ngf6 8. Bg5 Be7 9. Nxf6+ Bxf6 10. Bxf6 Qxf6 11. Be2 O-O 12. O-O Rfe8 13. Qd3 e5 14. dxe5 Nxe5 15. Nxe5 Qxe5 16. Rfe1 Rad8 17. Qc4 Qg5 18. Bf1 h6 19. h3 Qd2 20. Rad1 Rxe1 21. Rxd2 Rxd2 22. Kh2 Rxf2 23. Bd3 Rxg2# 0-1

[Event "EYCC 2017"]
[Site "Mamaia"]
[Date "2017.09.05"]
[Round "1"]
[White "Shvedova, Alexandra"]
[Black "Tqeshelashvili, Veronika"]
[Result "1/2-1/2"]
[ECO "B54"]
[WhiteElo "1578"]
[BlackElo "1234"]
[Annotator "NA RC"]
[PlyCount "95"]
[EventDate "2017.??.??"]
[EventType "swiss"]
[EventCountry "ROU"]
[SourceTitle "playchess.com"]
[Source "ChessBase"]
[SourceQuality "1"]
[TimeControl "40/5400+30:1800+30"]

1. e4 c5 2. Nf3 d6 3. d4 cxd4 4. Nxd4 g6 5. c4 Bg7 6. Nc3 Nc6 7. Be3 Nf6 8. Be2 Bd7 9. O-O O-O 10. Rc1 Ng4 11. Bxg4 Bxg4 12. f3 Bd7 13. Nxc6 Bxc6 14. b4 b6 15. Qb3 Rc8 16. Rfd1 Qc7 17. Qa3 Be5 18. Ne2 Bg7 19. c5 Qb8 20. cxb6 axb6 21. Qa6 Bb2 22. Rb1 Bb7 23. Qxb6 Rc2 24. Nd4 Bxd4 25. Qxd4 Rxa2 26. Bh6 e5 27. Qc4 Qa7+ 28. Kh1 Qf2 29. Qf1 Rc8 30. Qxf2 Rxf2 31. Rxd6 Rb2 32. Rbd1 Re8 33. Rd8 Bc6 34. h3 f6 35. R8d6 Ba4 36. R1d5 Bb3 37. Rb5 Kf7 38. Rb7+ Re7 39. Rdd7 Rxd7 40. Rxd7+ Ke6 41. Rd2 Rxd2 42. Bxd2 Bc4 43. Kg1 f5 44. Kf2 f4 45. g3 g5 46. gxf4 gxf4 47. Bc3 Bb5 48. h4 1/2-1/2

[Event "EYCC 2017"]
[Site "Mamaia"]
[Date "2017.09.05"]
[Round "1"]
[White "Otetea, Ioana"]
[Black "Mironenko, Galina"]
[Result "1/2-1/2"]
[ECO "C41"]
[WhiteElo "1568"]
[BlackElo "2006"]
[Annotator "NA RC"]
[PlyCount "122"]
[EventDate "2017.??.??"]
[EventType "swiss"]
[EventCountry "ROU"]
[SourceTitle "playchess.com"]
[Source "ChessBase"]
[SourceQuality "1"]
[TimeControl "40/5400+30:1800+30"]

1. e4 d6 2. d4 Nf6 3. Nc3 e5 4. Nf3 Nbd7 5. h3 Be7 6. Be3 c6 7. a4 O-O 8. Be2 Qc7 9. O-O Re8 10. Nd2 Bf8 11. dxe5 dxe5 12. Nc4 Nc5 13. Bd3 Be6 14. f4 Nxd3 15. Qxd3 Rad8 16. Qe2 Bxc4 17. Qxc4 exf4 18. Rxf4 Bd6 19. Rf5 Be5 20. Raf1 Rd7 21. Rg5 h6 22. Rgf5 Bxc3 23. bxc3 Nxe4 24. R5f3 a6 25. a5 Rde7 26. Bb6 Nd2 27. Bxc7 Nxc4 28. Bf4 Nxa5 29. Bd6 Rd7 30. Bc5 Nc4 31. Rf4 b5 32. Ra1 a5 33. Bd4 Re2 34. Ra2 Rde7 35. Rg4 f5 36. Rg6 R2e6 37. Rg3 Re1+ 38. Kh2 g5 39. Rf3 f4 40. h4 Nd2 41. Rd3 Nf1+ 42. Kh3 h5 43. g4 fxg3 44. hxg5 R7e2 45. Bg1 a4 46. Rf3 Kg7 47. c4 Rb1 48. Raa3 Rd1 49. cxb5 cxb5 50. Rac3 Re7 51. Rc6 Rf7 52. Rcf6 Rxf6 53. gxf6+ Kf7 54. Kg2 Nd2 55. Rd3 h4 56. Bd4 b4 57. Re3 Nc4 58. Re7+ Kf8 59. Bc5 Rd2+ 60. Kh3 Nd6 61. Rd7 g2 1/2-1/2

[Event "EYCC 2017"]
[Site "Mamaia"]
[Date "2017.09.05"]
[Round "1"]
[White "Shuqja, Klean"]
[Black "Stepanyan, Eva"]
[Result "1/2-1/2"]
[ECO "C77"]
[WhiteElo "1506"]
[BlackElo "1927"]
[Annotator "NA RC"]
[PlyCount "106"]
[EventDate "2017.??.??"]
[EventType "swiss"]
[EventCountry "ROU"]
[SourceTitle "playchess.com"]
[Source "ChessBase"]
[SourceQuality "1"]
[TimeControl "40/5400+30:1800+30"]

1. e4 e5 2. Nf3 Nc6 3. Bb5 a6 4. Ba4 Nf6 5. d3 d6 6. O-O b5 7. Bb3 Be7 8. a4 Rb8 9. c3 O-O 10. Re1 h6 11. Nbd2 b4 12. h3 Na5 13. Bc2 c5 14. c4 Nh7 15. b3 f5 16. exf5 Bxf5 17. Ne4 Nc6 18. Ng3 Bg6 19. Be3 a5 20. Qd2 Nd4 21. Bd1 Bf6 22. Bxd4 cxd4 23. Ne4 Bxe4 24. Rxe4 Rc8 25. Re1 Re8 26. Nh2 Ng5 27. Bg4 Rc7 28. Bf3 Nxf3+ 29. Nxf3 d5 30. Qc2 e4 31. Nh2 exd3 32. Qxd3 dxc4 33. bxc4 Rxe1+ 34. Rxe1 Qd7 35. Ng4 Bg5 36. Re4 Qxa4 37. Qxd4 Qd7 38. Qe5 b3 39. f4 Be7 40. Qb2 Qd1+ 41. Kh2 a4 42. Qe5 Qd6 43. Qb5 Qd7 44. Qh5 Qc6 45. Qf5 b2 46. Re6 Qc5 47. Nxh6+ Kh8 48. Nf7+ Kg8 49. Nh6+ Kh8 50. Nf7+ Kg8 51. Nh6+ Kh8 52. Nf7+ Kg8 53. Nh6+ Kh8 1/2-1/2

[Event "EYCC 2017"]
[Site "Mamaia"]
[Date "2017.09.05"]
[Round "1"]
[White "Stastna, Martina"]
[Black "Ziegenfuss, Antonia"]
[Result "0-1"]
[ECO "B40"]
[WhiteElo "1482"]
[BlackElo "1909"]
[Annotator "NA RC"]
[PlyCount "104"]
[EventDate "2017.??.??"]
[EventType "swiss"]
[EventCountry "ROU"]
[SourceTitle "playchess.com"]
[Source "ChessBase"]
[SourceQuality "1"]
[TimeControl "40/5400+30:1800+30"]

1. e4 c5 2. Nf3 e6 3. c3 Nf6 4. e5 Nd5 5. d4 cxd4 6. cxd4 b6 7. Nc3 Nxc3 8. bxc3 Qc7 9. c4 Ba6 10. Qb3 Nc6 11. Bd2 Bb7 12. Rc1 Be7 13. Bd3 O-O 14. O-O d6 15. exd6 Bxd6 16. Bb1 Rad8 17. h3 Nxd4 18. Nxd4 Bh2+ 19. Kh1 Rxd4 20. Be3 Rh4 21. Bg5 Rh5 22. Bd2 Bf4 23. Rcd1 Qe5 24. Bxf4 Qxf4 25. Rd3 Ba6 26. Rc3 Rc5 27. Bd3 Rfc8 28. Qa4 Bxc4 29. Rfc1 b5 30. Qxa7 R5c7 31. Qa5 Qxf2 32. Bxc4 bxc4 33. Rb1 Ra7 34. Rxc4 Rf8 35. Qg5 Qxa2 36. Rbc1 h6 37. Qe5 Ra5 38. Qg3 Rg5 39. Qf3 f5 40. R4c2 Qa4 41. Re2 Re8 42. Rce1 Qd7 43. Re5 Rg6 44. Qe3 Rf6 45. g3 Qf7 46. Rf1 g5 47. Re1 Kg7 48. Kh2 f4 49. gxf4 Rxf4 50. Rxe6 Rxe6 51. Qxe6 Rf2+ 52. Kg1 Rf1+ 0-1

[Event "EYCC 2017"]
[Site "Mamaia"]
[Date "2017.09.05"]
[Round "1"]
[White "Zdravkovic, Filip"]
[Black "Pingin, Artem"]
[Result "0-1"]
[ECO "B32"]
[WhiteElo "1469"]
[BlackElo "1890"]
[Annotator "NA RC"]
[PlyCount "67"]
[EventDate "2017.??.??"]
[EventType "swiss"]
[EventCountry "ROU"]
[SourceTitle "playchess.com"]
[Source "ChessBase"]
[SourceQuality "1"]
[TimeControl "40/5400+30:1800+30"]

1. e4 c5 2. Nf3 Nc6 3. d4 cxd4 4. Nxd4 e5 5. Nb5 d6 6. N1c3 a6 7. Na3 b5 8. Nd5 Nf6 9. Bg5 Qa5+ 10. Bd2 Qd8 11. Bd3 Be6 12. Bg5 Be7 13. Bxf6 Bxf6 14. c3 Bg5 15. Nc2 O-O 16. Nde3 g6 17. O-O Kh8 18. Qe2 f5 19. exf5 gxf5 20. Qh5 e4 21. Be2 f4 22. Bg4 Bf7 23. Qh3 fxe3 24. f4 exf3 25. Bxf3 d5 26. Rad1 Ne5 27. Be2 Bg6 28. Rxf8+ Qxf8 29. Rf1 Qe7 30. Nb4 Be4 31. Qh5 a5 32. Nd3 Nxd3 33. Rf7 Bg6 34. Rf5 0-1

[Event "EYCC 2017"]
[Site "Mamaia"]
[Date "2017.09.05"]
[Round "1"]
[White "Sedef, Elif Tuana"]
[Black "Kirchei, Viktoriia"]
[Result "1-0"]
[ECO "C11"]
[WhiteElo "1467"]
[BlackElo "1904"]
[Annotator "NA RC"]
[PlyCount "99"]
[EventDate "2017.??.??"]
[EventType "swiss"]
[EventCountry "ROU"]
[SourceTitle "playchess.com"]
[Source "ChessBase"]
[SourceQuality "1"]
[TimeControl "40/5400+30:1800+30"]

1. e4 e6 2. d4 d5 3. Nc3 Nf6 4. e5 Nfd7 5. f4 c5 6. Nf3 Nc6 7. Be3 cxd4 8. Nxd4 a6 9. Nce2 Qc7 10. c3 g6 11. Ng3 h5 12. Bd3 h4 13. Nf1 Nc5 14. Bc2 Bg7 15. Nf3 Nd7 16. Bf2 Qd8 17. Bxh4 Rxh4 18. Nxh4 Qxh4+ 19. g3 Qh3 20. Ne3 Nb6 21. Qg4 Qxg4 22. Nxg4 Bd7 23. Ne3 Ke7 24. Rd1 Na7 25. h4 Bc6 26. Rh2 Rh8 27. Bb3 Na4 28. Bxa4 Bxa4 29. b3 Bc6 30. c4 Rd8 31. Rhd2 Bf8 32. Ke2 Rd7 33. cxd5 exd5 34. Nxd5+ Bxd5 35. Rxd5 Rxd5 36. Rxd5 Nc6 37. Ke3 Ke6 38. Ke4 Nb4 39. Rd2 Be7 40. h5 Bf8 41. g4 gxh5 42. f5+ Ke7 43. gxh5 Nc6 44. f6+ Ke8 45. Rg2 Kd7 46. Rg7 Bxg7 47. fxg7 Ne7 48. h6 f5+ 49. exf6 Ng8 50. f7 1-0

[Event "EYCC 2017"]
[Site "Mamaia"]
[Date "2017.09.05"]
[Round "1"]
[White "Silva, Daniel Frederico V"]
[Black "Mekhane, Adam"]
[Result "0-1"]
[ECO "C55"]
[WhiteElo "1416"]
[BlackElo "1967"]
[Annotator "NA RC"]
[PlyCount "80"]
[EventDate "2017.??.??"]
[EventType "swiss"]
[EventCountry "ROU"]
[SourceTitle "playchess.com"]
[Source "ChessBase"]
[SourceQuality "1"]
[TimeControl "40/5400+30:1800+30"]

1. e4 e5 2. Nf3 Nc6 3. Bc4 Nf6 4. d3 Be7 5. Be3 O-O 6. O-O d6 7. Nbd2 Na5 8. Bb3 Nxb3 9. axb3 a6 10. Qe2 Ng4 11. h3 Nxe3 12. fxe3 f5 13. exf5 Bxf5 14. Rad1 Qe8 15. e4 Be6 16. d4 Qg6 17. Kh2 Qh5 18. d5 Bd7 19. Rf2 Rf6 20. Rdf1 Rh6 21. Ng1 Bg4 22. Qd3 Bg5 23. Nc4 Bf4+ 24. Kh1 Qg5 25. Re1 b5 26. Na5 Qh4 27. Ref1 Qg5 28. Re1 Bh5 29. Rff1 Qh4 30. Ra1 g5 31. Nc6 g4 32. c4 bxc4 33. bxc4 gxh3 34. Nxh3 Bg4 35. Ra3 Qh5 36. Rfa1 Be2 37. Qb3 Bg4 38. Qc3 Bxh3 39. gxh3 Qe2 40. Qf3 Qh2# {[%emt 0:00:08] Qc3 Qe2} 0-1

[Event "EYCC 2017"]
[Site "Mamaia"]
[Date "2017.09.05"]
[Round "1"]
[White "Palczert, Hajnalka"]
[Black "Zeliantsova, Kseniya"]
[Result "0-1"]
[ECO "E68"]
[WhiteElo "1372"]
[BlackElo "1881"]
[Annotator "NA RC"]
[PlyCount "100"]
[EventDate "2017.??.??"]
[EventType "swiss"]
[EventCountry "ROU"]
[SourceTitle "playchess.com"]
[Source "ChessBase"]
[SourceQuality "1"]
[TimeControl "40/5400+30:1800+30"]

1. Nf3 Nf6 2. g3 g6 3. Bg2 Bg7 4. O-O O-O 5. d4 d6 6. c4 Nbd7 7. Nc3 e5 8. e4 c6 9. d5 Qe7 10. Re1 Rd8 11. Re2 Nf8 12. h3 h6 13. Qb3 g5 14. Bd2 Ng6 15. Rd1 g4 16. hxg4 Bxg4 17. Re3 Qd7 18. Qc2 Bh3 19. Qd3 Bxg2 20. Kxg2 Qg4 21. Ree1 Nh5 22. Qf1 Nhf4+ 23. Bxf4 Nxf4+ 24. Kg1 Qxf3 25. gxf4 Qxf4 26. Re3 Kh8 27. Rg3 Bf6 28. Rdd3 Rg8 29. Kh1 Rxg3 30. Rxg3 cxd5 31. cxd5 b5 32. Qg2 b4 33. Ne2 Qd2 34. Qf3 Bg5 35. Ng1 Bf4 36. Rg2 Qc1 37. Qg4 Bg5 38. Qd7 Qf4 39. Qxd6 Qh4+ 40. Rh2 Qxe4+ 41. f3 Qf4 42. Qc6 Rd8 43. Qc5 Qd4 44. Rc2 Kg8 45. Rc4 Qxb2 46. Rxb4 Qxa2 47. Rb5 Bf4 48. Ne2 Qxe2 49. Qg1+ Kh8 50. Rb7 Rg8 0-1

[Event "EYCC 2017"]
[Site "Mamaia"]
[Date "2017.09.05"]
[Round "1"]
[White "Ter-Avetisjana, Agnesa Stepania"]
[Black "Gasimova, Samra"]
[Result "0-1"]
[ECO "B34"]
[WhiteElo "1248"]
[BlackElo "1534"]
[Annotator "NA RC"]
[PlyCount "106"]
[EventDate "2017.??.??"]
[EventType "swiss"]
[EventCountry "ROU"]
[SourceTitle "playchess.com"]
[Source "ChessBase"]
[SourceQuality "1"]
[TimeControl "40/5400+30:1800+30"]

1. e4 c5 2. Nf3 Nc6 3. Nc3 g6 4. d4 cxd4 5. Nxd4 Bg7 6. Nxc6 bxc6 7. Qf3 e6 8. Be2 Ne7 9. O-O Rb8 10. Qg3 Rb6 11. a3 Ba6 12. Bxa6 Rxa6 13. Ne2 Rb6 14. c3 O-O 15. f4 d5 16. e5 Nf5 17. Qf2 f6 18. Nd4 Nxd4 19. cxd4 fxe5 20. dxe5 Bxe5 21. Qe2 Bd4+ 22. Kh1 Qf6 23. Ra2 e5 24. g3 Qf5 25. Re1 exf4 26. gxf4 Rb3 27. Qd1 Qd3 28. Qxd3 Rxd3 29. b4 Bc3 30. Rf1 Re8 31. Kg2 d4 32. Kf2 Rf8 33. Kg2 Rf5 34. Rf3 Rd1 35. Rf1 Rxf1 36. Kxf1 g5 37. Rf2 d3 38. h3 gxf4 39. Rg2+ Kf7 40. Kf2 d2 41. Bxd2 Bxd2 42. Kf3 Be3 43. Rc2 Rf6 44. Rc4 Rd6 45. a4 Ke6 46. Re4+ Kf6 47. Re8 Bd2 48. Rh8 Rd3+ 49. Ke4 Rxh3 50. Ra8 f3 51. Rf8+ Ke7 52. Rxf3 Rxf3 53. Kxf3 Bxb4 0-1

[Event "EYCC 2017"]
[Site "Mamaia"]
[Date "2017.09.05"]
[Round "1"]
[White "Goginyan, Tamar"]
[Black "Veremiuk, Veronika"]
[Result "0-1"]
[ECO "E18"]
[WhiteElo "1177"]
[BlackElo "1559"]
[Annotator "NA RC"]
[PlyCount "68"]
[EventDate "2017.??.??"]
[EventType "swiss"]
[EventCountry "ROU"]
[SourceTitle "playchess.com"]
[Source "ChessBase"]
[SourceQuality "1"]
[TimeControl "40/5400+30:1800+30"]

1. d4 Nf6 2. Nf3 e6 3. g3 b6 4. Bg2 Bb7 5. O-O Be7 6. c4 O-O 7. Nc3 d5 8. Ne5 c6 9. Bf4 Nbd7 10. Nxd7 Qxd7 11. cxd5 cxd5 12. Rc1 Rac8 13. e3 Ba6 14. Re1 Bb4 15. Qb3 Bxc3 16. Rxc3 Rxc3 17. Qxc3 Rc8 18. Qa3 Bb5 19. b3 Rc2 20. Rc1 Qc6 21. Rxc2 Qxc2 22. h3 a6 23. Be5 Nd7 24. Qe7 Qc8 25. Bf4 h6 26. a4 Bd3 27. Qb4 Qc1+ 28. Kh2 Qc2 29. Kg1 Qd1+ 30. Kh2 Qe2 31. Kg1 Nf6 32. Qc3 Ne4 33. Bxe4 Bxe4 34. Qc1 Qf3 0-1

[Event "EYCC 2017"]
[Site "Mamaia"]
[Date "2017.09.05"]
[Round "1"]
[White "Jouani, Zakharia"]
[Black "Shilnikov, Igor S"]
[Result "1-0"]
[ECO "A48"]
[WhiteElo "1158"]
[BlackElo "1764"]
[Annotator "NA RC"]
[PlyCount "33"]
[EventDate "2017.??.??"]
[EventType "swiss"]
[EventCountry "ROU"]
[SourceTitle "playchess.com"]
[Source "ChessBase"]
[SourceQuality "1"]
[TimeControl "40/5400+30:1800+30"]

1. d4 Nf6 2. Bf4 g6 3. Nf3 d6 4. e3 Bg7 5. Be2 b6 6. O-O Bb7 7. h3 Nbd7 8. c4 O-O 9. Nc3 Re8 10. b4 e5 11. Bh2 c5 12. bxc5 bxc5 13. Rb1 Bc8 14. dxe5 Nxe5 15. Nxe5 Nh5 16. Nc6 Qc7 17. Nb5 1-0

[Event "EYCC 2017"]
[Site "Mamaia"]
[Date "2017.09.05"]
[Round "1"]
[White "Nica, Tudor-Stefan"]
[Black "Ljepic, Andrej"]
[Result "1-0"]
[ECO "C02"]
[WhiteElo "1107"]
[BlackElo "1616"]
[Annotator "NA RC"]
[PlyCount "31"]
[EventDate "2017.??.??"]
[EventType "swiss"]
[EventCountry "ROU"]
[SourceTitle "playchess.com"]
[Source "ChessBase"]
[SourceQuality "1"]
[TimeControl "40/5400+30:1800+30"]

1. e4 e6 2. d4 d5 3. e5 c5 4. c3 Nc6 5. Nf3 Qb6 6. a3 Nh6 7. b4 cxd4 8. cxd4 Nf5 9. Be3 Qc7 10. Nc3 a6 11. Rc1 Rb8 12. Bd3 Nfe7 13. O-O g6 14. b5 Na5 15. Nxd5 Qd8 16. Nf6# {[%emt 0:00:11] Ng8} 1-0

[Event "EYCC 2017"]
[Site "Mamaia"]
[Date "2017.09.05"]
[Round "1"]
[White "Misiuk, Martynas"]
[Black "Vetokhin, Savva"]
[Result "0-1"]
[ECO "B13"]
[WhiteElo "1052"]
[BlackElo "1757"]
[Annotator "NA RC"]
[PlyCount "60"]
[EventDate "2017.??.??"]
[EventType "swiss"]
[EventCountry "ROU"]
[SourceTitle "playchess.com"]
[Source "ChessBase"]
[SourceQuality "1"]
[TimeControl "40/5400+30:1800+30"]

1. e4 c6 2. d4 d5 3. exd5 cxd5 4. Bd3 Nc6 5. c3 Qc7 6. h3 Nf6 7. Nf3 g6 8. O-O Bg7 9. Nbd2 O-O 10. Nb3 Nh5 11. Bg5 Nf4 12. Bxf4 Qxf4 13. Re1 Re8 14. Nfd2 Bf5 15. Nf3 Bxd3 16. Qxd3 Rad8 17. Qb5 Qc7 18. Ng5 h6 19. Nf3 e6 20. Nc5 b6 21. Na6 Qd6 22. Nb4 Nxb4 23. cxb4 a6 24. Qa4 b5 25. Qb3 Rc8 26. Rac1 Rc4 27. Rxc4 dxc4 28. Qa3 Ra8 29. Qc3 Rd8 30. Rd1 e5 0-1